[Event "Titled Tuesday Blitz August 08 Early 2023"]
[White "Ashraf, Artin"]
[Black "Cervantes Landeiro, Thalia"]
[WhiteFideId "22514805"]
[BlackFideId "3520498"]
[WhiteElo "2799"]
[BlackElo "2487"]
[Result "1-0"]
[Round "3"]
[TimeControl "180+1"]
[Date "2023.08.08"]
[WhiteClock "0:00:03"]
[BlackClock "0:00:00"]
[Board "97"]

1. e4 c5 2. Nf3 d6 3. Bb5+ Nd7 4. a4 a6 5. Be2 e6 6. O-O b6 7. Re1 Ngf6 8. Bf1 Bb7 9. Nc3 Be7 10. d4 cxd4 11. Nxd4 O-O 12. b3 Rc8 13. Bb2 Rxc3 14. Bxc3 Nxe4 15. Bb2 d5 16. Qf3 Bd6 17. Qh3 Bc5 18. Rad1 Ndf6 19. f3 Nd6 20. Kh1 Bc8 21. Qg3 Nh5 22. Qg4 g6 23. b4 e5 24. bxc5 Bxg4 25. fxg4 bxc5 26. Nc6 Qc7 27. Nxe5 Ng7 28. g5 d4 29. Ng4 Ndf5 30. c3 Ne6 31. Nf6+ Kh8 32. cxd4 cxd4 33. Bd3 Rd8 34. Rc1 Qf4 35. Bxf5 Qxf5 36. Rf1 Qxg5 37. Ne4 Qh4 38. Rce1 h6 39. Bc1 Ng5 40. Ng3 d3 41. Rf4 d2 42. Bxd2 Qxf4 43. Bxf4 Ne6 44. Be5+ Kh7 45. Rf1 Kg8 46. Ba1 Rd2 47. Ne4 Ra2 48. Nf6+ Kf8 49. Nd7+ Ke7 50. Ne5 Rxa4 51. Rxf7+ Kd6 52. Rf1 Nc5 53. Nxg6 Nb3 54. Be5+ Kd5 55. Bg3 Ra2 56. h4 a5 57. h5 a4 58. Bf4 a3 59. Bxh6 Nd4 60. Bg7 Ne2 61. Kh2 Rb2 62. Rd1+ 1-0


[Site "https://www.chess.com"]

[Event "Titled Tuesday Blitz August 08 Early 2023"]
[White "Tokman, Ariel"]
[Black "Zelbel, Patrick"]
[WhiteFideId "117420"]
[BlackFideId "24624322"]
[WhiteElo "2485"]
[BlackElo "2796"]
[Result "1-0"]
[Round "3"]
[TimeControl "180+1"]
[Date "2023.08.08"]
[WhiteClock "0:00:04"]
[BlackClock "0:00:14"]
[Board "98"]

1. c4 e5 2. g3 Nf6 3. Bg2 h5 4. d4 exd4 5. Qxd4 Nc6 6. Qe3+ Be7 7. Nf3 d5 8. O-O d4 9. Qd3 Nb4 10. Qb3 Bf5 11. Na3 O-O 12. Rd1 c5 13. e3 d3 14. Bd2 a6 15. Ne1 Qc7 16. Rac1 Rad8 17. Nb1 h4 18. Bxb4 cxb4 19. Nxd3 Bg4 20. Re1 a5 21. Nf4 Bc5 22. Nd5 Qe5 23. Nd2 h3 24. Bh1 Rfe8 25. Nf3 Qf5 26. Nd4 Bxd4 27. exd4 Ne4 28. Qe3 Ng5 29. Qf4 Qxf4 30. gxf4 Nf3+ 31. Bxf3 Bxf3 32. Re3 Bxd5 33. cxd5 Rxe3 34. fxe3 Rxd5 35. Kf2 g5 36. Kf3 gxf4 37. Kxf4 Kg7 38. Rc7 Kf6 39. Rxb7 Rf5+ 40. Kg3 Rg5+ 41. Kxh3 Rh5+ 42. Kg3 Rg5+ 43. Kf4 Rh5 44. Rb6+ Kg7 45. Ra6 Rxh2 46. Rxa5 Rxb2 47. e4 Kf6 48. Ra6+ Ke7 49. Ke5 Rd2 50. Ra7+ Ke8 51. d5 Rd1 52. Kd6 Kf8 53. Ra8+ Kg7 54. e5 Rd2 55. Ra7 Kg6 56. Kc5 Rb2 57. d6 Rb1 58. Ra8 Re1 59. d7 Rxe5+ 60. Kd6 Re4 61. d8=Q Rd4+ 62. Ke7 Rxd8 63. Rxd8 f5 64. Rb8 Kg5 65. Rxb4 f4 66. Kd6 f3 67. Rb2 Kf4 68. a4 Ke3 69. a5 Kd3 70. a6 Kc3 71. Rf2 Kb4 72. Rxf3 Ka5 73. Ra3+ Kb6 74. a7 Kb5 75. a8=Q Kb4 76. Qa4# 1-0


[Site "https://www.chess.com"]

[Event "Titled Tuesday Blitz August 08 Early 2023"]
[White "Shohat, Yotam"]
[Black "Rahman, Masruri"]
[WhiteFideId "2813955"]
[BlackFideId "7101163"]
[WhiteElo "2480"]
[BlackElo "2783"]
[Result "0-1"]
[Round "3"]
[TimeControl "180+1"]
[Date "2023.08.08"]
[WhiteClock "0:00:06"]
[BlackClock "0:00:16"]
[Board "99"]

1. e4 e6 2. d4 d5 3. Nc3 Bb4 4. e5 c5 5. a3 Bxc3+ 6. bxc3 Qc7 7. Nf3 b6 8. Bb5+ Bd7 9. Bd3 Ba4 10. O-O c4 11. Be2 Nc6 12. Nh4 Nge7 13. f4 f6 14. f5 exf5 15. exf6 gxf6 16. Bh5+ Kd7 17. Nxf5 Rag8 18. Bf4 Qd8 19. Bg4 h5 20. Bh3 Ke8 21. Nd6+ Kf8 22. Qd2 Rg6 23. Rae1 Kg7 24. Nf5+ Kh7 25. Nxe7 Nxe7 26. Qe2 Re8 27. Qxh5+ Kg7 28. Be5 Ng8 29. Bf5 Rh6 30. Qg5+ Kh8 31. Qf4 fxe5 32. Rxe5 Rf8 33. Re2 Qf6 34. g4 Qg7 35. g5 Bd7 36. Rg2 Rh7 37. Qg4 Rxf5 38. Rxf5 Ne7 39. Rgf2 Nxf5 40. Rxf5 Qg6 41. Rf8+ Kg7 42. Qxd7+ Kxf8 43. Qd8+ Kg7 44. Qe7+ Qf7 45. Qe5+ Kg8 46. Qb8+ Qf8 47. Qe5 Rf7 48. Qxd5 Kh8 49. Qe5+ Qg7 50. Qe8+ Kh7 51. Qe4+ Qg6 52. Qh4+ Kg8 53. Qg4 Qxc2 54. g6 Qf2+ 55. Kh1 Qf1+ 56. Qg1 Qxg1+ 57. Kxg1 Rf6 0-1


[Site "https://www.chess.com"]

[Event "Titled Tuesday Blitz August 08 Early 2023"]
[White "Mahdavi, Reza"]
[Black "Vivas Zamora, Fabian Ernesto"]
[WhiteFideId "12595926"]
[BlackFideId "3902480"]
[WhiteElo "2754"]
[BlackElo "2480"]
[Result "1-0"]
[Round "3"]
[TimeControl "180+1"]
[Date "2023.08.08"]
[WhiteClock "0:00:26"]
[BlackClock "0:00:01"]
[Board "100"]

1. Nf3 Nf6 2. g3 g6 3. b3 Bg7 4. Bb2 O-O 5. Bg2 d5 6. c4 Nc6 7. cxd5 Nxd5 8. Bxg7 Kxg7 9. O-O e5 10. Qc1 e4 11. Qb2+ Qf6 12. Qxf6+ Kxf6 13. Ne1 Nd4 14. Bxe4 Nxe2+ 15. Kg2 Rd8 16. Nc2 Ne7 17. Re1 Nd4 18. Nxd4 Rxd4 19. Nc3 Rxd2 20. Nb5 c6 21. Nc7 Rb8 22. Ne8+ Kg5 23. Bf3 Bh3+ 24. Kxh3 Rxe8 25. Re3 Rxf2 26. Rae1 Kf6 27. Bg4 h5 28. Bd7 Rd8 29. Rxe7 Rxa2 30. Be8 Rdd2 31. Rxf7+ Kg5 32. Rh1 Rdb2 33. Rg7 Rxb3 34. Rxg6+ Kf5 35. Rf1+ Ke5 36. Bf7 Rbb2 37. Bxa2 Rxa2 38. Rg5+ Kd4 39. Rxh5 b5 40. Rh4+ Kd3 41. Rhf4 c5 42. g4 c4 43. g5 c3 44. g6 Re2 45. g7 Re8 46. Rf8 Rxf8 47. gxf8=Q c2 48. Qf4 1-0


[Site "https://www.chess.com"]

[Event "Titled Tuesday Blitz August 08 Early 2023"]
[White "kuanysh1981"]
[Black "Mekhitarian, Krikor Sevag"]
[BlackFideId "2107660"]
[WhiteElo "2480"]
[BlackElo "2751"]
[Result "0-1"]
[Round "3"]
[TimeControl "180+1"]
[Date "2023.08.08"]
[WhiteClock "0:00:22"]
[BlackClock "0:00:20"]
[Board "101"]

1. d4 Nf6 2. Nf3 g6 3. g3 Bg7 4. Bg2 O-O 5. O-O d5 6. Bf4 c5 7. c3 Nbd7 8. Nbd2 b6 9. Ne5 Bb7 10. Nxd7 Qxd7 11. Be5 e6 12. a4 Ba6 13. Re1 Rac8 14. a5 b5 15. dxc5 Rxc5 16. Bd4 Rcc8 17. b4 Ne8 18. Nb3 Nd6 19. Nc5 Qc6 20. Bxg7 Kxg7 21. Qd4+ Kg8 22. Rad1 Bb7 23. h4 h5 24. Qf6 Qc7 25. Bh3 Qd8 26. Qf4 Qe7 27. Qh6 Ne4 28. Nxe6 fxe6 29. Qxg6+ Kh8 30. Qxh5+ Qh7 31. Qe5+ Qg7 32. Qh5+ Qh7 33. Qe5+ Rf6 34. a6 Bc6 35. f3 Qg7 36. Bg4 Rg6 37. Qxg7+ Kxg7 38. h5 Rg5 39. Bxe6 Re8 40. fxe4 Rxe6 41. exd5 Bxd5 42. e4 Bxe4 43. Rd7+ Kh6 44. Kh2 Rxh5+ 45. Kg1 Rh1+ 46. Kf2 Rxe1 47. Kxe1 Bc6+ 0-1


[Site "https://www.chess.com"]

[Event "Titled Tuesday Blitz August 08 Early 2023"]
[White "Adewumi, Tanitoluwa"]
[Black "Sanhueza, Cristian"]
[WhiteFideId "30966396"]
[BlackFideId "116815"]
[WhiteElo "2748"]
[BlackElo "2478"]
[Result "1-0"]
[Round "3"]
[TimeControl "180+1"]
[Date "2023.08.08"]
[WhiteClock "0:00:02"]
[BlackClock "0:00:00"]
[Board "102"]

1. e4 e5 2. Nf3 Nc6 3. Nc3 Nf6 4. Bb5 Bb4 5. O-O O-O 6. d3 d6 7. Ne2 Ne7 8. Ng3 Ng6 9. c3 Ba5 10. a4 c6 11. Bc4 d5 12. Ba2 h6 13. b4 Bc7 14. Re1 Re8 15. Qc2 a5 16. Bd2 axb4 17. cxb4 Bg4 18. d4 Bxf3 19. gxf3 Nh4 20. exd5 Qd7 21. Kh1 Nxf3 22. Rg1 Qh3 23. Rg2 Ng4 24. Nf1 e4 25. d6 Bxd6 26. Qc4 Re6 27. d5 Bxh2 28. dxe6 Bf4+ 29. Nh2 Ngxh2 30. Bxf4 Ng4+ 31. Bh2 Nh4 32. exf7+ Kh8 33. Qxe4 Nxh2 34. Rxh2 1-0


[Site "https://www.chess.com"]

[Event "Titled Tuesday Blitz August 08 Early 2023"]
[White "favesaul"]
[Black "Kumsiashvili, Nikoloz"]
[BlackFideId "13600621"]
[WhiteElo "2476"]
[BlackElo "2745"]
[Result "0-1"]
[Round "3"]
[TimeControl "180+1"]
[Date "2023.08.08"]
[WhiteClock "0:00:00"]
[BlackClock "0:00:14"]
[Board "103"]

1. e4 c5 2. Nf3 e6 3. d4 cxd4 4. Nxd4 Nc6 5. Nc3 Qc7 6. Be2 a6 7. O-O Nf6 8. Be3 Be7 9. f4 d6 10. Kh1 O-O 11. a4 b6 12. Nxc6 Qxc6 13. Bf3 e5 14. f5 Bb7 15. g4 Qc4 16. Qd3 Qxd3 17. cxd3 Nd7 18. b4 Rfc8 19. Rfc1 a5 20. bxa5 bxa5 21. Nb5 Nc5 22. Bxc5 dxc5 23. Rc4 Ba6 24. Kg2 Rab8 25. Rb1 Rb6 26. Rc2 Rcb8 27. Rcb2 h6 28. Bd1 Rd8 29. Bc2 Bb7 30. Kf2 c4 31. dxc4 Rd2+ 32. Kf1 Rxh2 33. Nc3 Rb4 34. Nd5 Bxd5 35. exd5 Rxc2 36. Rxb4 Bxb4 37. Rd1 Rxc4 38. d6 Rd4 39. Rxd4 exd4 40. d7 Be7 41. Ke2 Bd8 42. Kd3 Kf8 43. Kxd4 Ke7 44. Ke4 Kxd7 45. Kd5 g6 46. fxg6 fxg6 47. Ke4 h5 48. gxh5 gxh5 49. Kf3 h4 0-1


[Site "https://www.chess.com"]

[Event "Titled Tuesday Blitz August 08 Early 2023"]
[White "Wagner, Dennis"]
[Black "Omariev, Maksim"]
[WhiteFideId "24650684"]
[BlackFideId "4193423"]
[WhiteElo "2742"]
[BlackElo "2472"]
[Result "1-0"]
[Round "3"]
[TimeControl "180+1"]
[Date "2023.08.08"]
[WhiteClock "0:00:11"]
[BlackClock "0:00:00"]
[Board "104"]

1. d4 h5 2. e4 h4 3. Nc3 d6 4. Be3 h3 5. Nxh3 Bxh3 6. gxh3 e5 7. dxe5 dxe5 8. Qf3 c6 9. Rg1 Nf6 10. Rg5 Qa5 11. O-O-O Nbd7 12. Bc4 g6 13. Rxd7 Nxd7 14. Qxf7+ Kd8 15. Rxg6 Kc7 16. Be6 Rd8 17. Bg5 Bb4 18. Rg7 Bxc3 19. Bxd8+ Rxd8 20. Bxd7 Bd2+ 21. Kb1 Bh6 22. Bg4+ Kb6 23. Qxb7+ Kc5 24. Qe7+ Kd4 25. c3+ Kxe4 26. Rg6 Rd2 27. Rxh6 Rxb2+ 28. Kxb2 1-0


[Site "https://www.chess.com"]

[Event "Titled Tuesday Blitz August 08 Early 2023"]
[White "Skvortsov, Andrei"]
[Black "Kuznetsov, Mikhail"]
[WhiteFideId "24108600"]
[BlackFideId "4117190"]
[WhiteElo "2739"]
[BlackElo "2469"]
[Result "0-1"]
[Round "3"]
[TimeControl "180+1"]
[Date "2023.08.08"]
[WhiteClock "0:00:17"]
[BlackClock "0:00:05"]
[Board "105"]

1. e4 c6 2. Nc3 d5 3. Nf3 a6 4. d4 Bg4 5. Be3 e6 6. h3 Bh5 7. g4 Bg6 8. Ne5 Nd7 9. Nxg6 hxg6 10. Bg2 Nb6 11. Bf4 Nf6 12. O-O Be7 13. e5 Nfd7 14. Ne2 c5 15. b3 cxd4 16. Nxd4 O-O 17. c4 Nc5 18. b4 Ne4 19. c5 Nd7 20. f3 Nc3 21. Qd3 Nb5 22. Nxb5 axb5 23. Qxb5 Qc7 24. Rfe1 Ra3 25. Bc1 Rc3 26. a4 Rc4 27. Bb2 Rxb4 28. Qxb4 Bxc5+ 29. Qd4 Qb6 30. Qxc5 Qxc5+ 31. Kh2 Nb6 32. a5 Nc4 33. Bc1 Ra8 34. Bf4 Qd4 35. Bg3 g5 36. Rab1 Nxa5 37. Red1 Qc5 38. Rdc1 Nc4 39. Rc2 g6 40. Rxb7 Kg7 41. Rb1 Qd4 42. Re1 Ra3 43. Bf2 Qf4+ 44. Bg3 Qd4 45. Bf2 Qd3 46. Rce2 Qb3 47. h4 Ra2 48. hxg5 Rxe2 49. Rxe2 Qd3 50. Re1 Nd2 51. Re3 Nf1+ 52. Bxf1 Qxf1 53. Kg3 d4 54. Re4 d3 55. Be3 Qe1+ 56. Kf4 d2 57. Bxd2 Qxd2+ 58. Kg3 Qd5 59. Re3 Qd2 60. Kf4 Qc1 61. Ke4 Qc4# 0-1


[Site "https://www.chess.com"]

[Event "Titled Tuesday Blitz August 08 Early 2023"]
[White "Rozhkov, Viacheslav"]
[Black "Nazari, Arad"]
[WhiteFideId "4181484"]
[BlackFideId "12577324"]
[WhiteElo "2467"]
[BlackElo "2739"]
[Result "0-1"]
[Round "3"]
[TimeControl "180+1"]
[Date "2023.08.08"]
[WhiteClock "0:00:00"]
[BlackClock "0:00:28"]
[Board "106"]

1. e4 c5 2. Nf3 d6 3. d4 cxd4 4. Nxd4 Nf6 5. Nc3 a6 6. f4 e5 7. Nf3 Qc7 8. a4 Be7 9. Bd3 Be6 10. O-O Nbd7 11. Qe1 O-O 12. Kh1 Nc5 13. fxe5 dxe5 14. Qg3 Nh5 15. Qxe5 Qxe5 16. Nxe5 Rfd8 17. Be2 Nf6 18. Bf3 Bd6 19. Nd3 Nxd3 20. cxd3 Be5 21. Be2 Rac8 22. Bd2 Bg4 23. Bxg4 Nxg4 24. Nd5 Rc2 25. Bc3 Bxh2 26. Rf3 Be5 27. Raf1 f6 28. d4 Bb8 29. Ne7+ Kf7 30. Nf5 Re2 31. e5 Rc2 32. Rf4 h5 33. Ng3 Kg6 34. Rf5 fxe5 35. Nxh5 Rh8 36. dxe5 Rxh5+ 37. Rxh5 Kxh5 38. e6 Nf2+ 39. Kg1 Ba7 40. e7 Re2 41. e8=Q+ Rxe8 42. Rxf2 Re2 0-1


[Site "https://www.chess.com"]

[Event "Titled Tuesday Blitz August 08 Early 2023"]
[White "Shuvalov, Evgenij"]
[Black "Zhao, Jun"]
[WhiteFideId "4187237"]
[BlackFideId "8602522"]
[WhiteElo "2467"]
[BlackElo "2737"]
[Result "1-0"]
[Round "3"]
[TimeControl "180+1"]
[Date "2023.08.08"]
[WhiteClock "0:00:07"]
[BlackClock "0:00:00"]
[Board "107"]

1. d4 Nf6 2. c4 e6 3. Nc3 Bb4 4. f3 c5 5. d5 Bxc3+ 6. bxc3 e5 7. e4 d6 8. g4 h5 9. g5 Ng8 10. h4 Ne7 11. Bh3 Bxh3 12. Nxh3 Ng6 13. f4 exf4 14. Nxf4 Qa5 15. O-O Qxc3 16. Rb1 Qg3+ 17. Ng2 Nxh4 18. Rf2 Nd7 19. Bf4 Qg4 20. Qxg4 hxg4 21. Nxh4 Rxh4 22. Bxd6 b6 23. Rbf1 f6 24. e5 g3 25. Rf3 fxe5 26. Rf7 O-O-O 27. Kg2 Rxc4 28. Kxg3 Rd4 29. Be7 Rh8 30. d6 g6 31. Rg7 e4 32. Rxg6 Ne5 33. Rh6 Rg8 34. Rf8+ Rxf8 35. Bxf8 Kd7 36. Kf4 Nd3+ 37. Ke3 Ne5 38. Rh7+ Ke6 39. Re7+ Kf5 40. Re8 Nc4+ 41. Ke2 Rd2+ 42. Ke1 Kf4 43. g6 Kf3 44. Bh6 Re2+ 45. Kd1 Nxd6 46. Rf8+ 1-0


[Site "https://www.chess.com"]

[Event "Titled Tuesday Blitz August 08 Early 2023"]
[White "Herzog2012"]
[Black "Koellner, Ruben Gideon"]
[BlackFideId "12993093"]
[WhiteElo "2466"]
[BlackElo "2730"]
[Result "0-1"]
[Round "3"]
[TimeControl "180+1"]
[Date "2023.08.08"]
[WhiteClock "0:00:01"]
[BlackClock "0:00:08"]
[Board "108"]

1. e4 d6 2. d4 Nf6 3. Nc3 e5 4. Nf3 Nbd7 5. Bc4 Be7 6. O-O c6 7. a4 h6 8. Re1 Qc7 9. a5 Nf8 10. d5 Ng6 11. Bb3 a6 12. h3 O-O 13. Be3 c5 14. Na4 Nd7 15. Bc4 Rb8 16. Qd2 Qd8 17. Rab1 f5 18. exf5 Rxf5 19. Bd3 Rxf3 20. Bxg6 Rf8 21. b4 cxb4 22. Qxb4 Rf6 23. Be4 Nf8 24. Bb6 Qe8 25. Bc7 Bxh3 26. Bxb8 Bd7 27. Nb6 Qxb8 28. Nxd7 Nxd7 29. Qxb7 Qe8 30. Qxa6 Nc5 31. Qe2 Rf4 32. f3 Bh4 33. Red1 Bg3 34. Qe3 Qh5 35. Kf1 Qh1+ 36. Ke2 Qxg2+ 37. Qf2 Qxf2# 0-1


[Site "https://www.chess.com"]

[Event "Titled Tuesday Blitz August 08 Early 2023"]
[White "Hulka, Valentyn"]
[Black "Rodchenkov, Sergey D."]
[WhiteFideId "34107061"]
[BlackFideId "4168712"]
[WhiteElo "2730"]
[BlackElo "2465"]
[Result "0-1"]
[Round "3"]
[TimeControl "180+1"]
[Date "2023.08.08"]
[WhiteClock "0:00:00"]
[BlackClock "0:00:07"]
[Board "109"]

1. e4 c5 2. Nf3 d6 3. d4 cxd4 4. Nxd4 Nf6 5. Nc3 a6 6. h3 e5 7. Nf3 h5 8. Bc4 Be6 9. Bxe6 fxe6 10. Ng5 Qd7 11. Be3 d5 12. Nf3 Nc6 13. Bg5 d4 14. Bxf6 gxf6 15. Ne2 Qh7 16. O-O Qxe4 17. Re1 Qd5 18. a3 Be7 19. b4 Kf7 20. Kh1 Rag8 21. Rc1 b5 22. Ng3 h4 23. Nf1 e4 24. N3h2 f5 25. Qe2 Ne5 26. Red1 Nc4 27. Ne3 Nxe3 28. fxe3 e5 29. c4 bxc4 30. Qxc4 Qxc4 31. Rxc4 Rc8 32. Rxc8 Rxc8 33. Nf1 d3 34. Nd2 Bg5 35. Nf1 Rc2 36. g4 hxg3 37. Nxg3 Ke6 38. Rf1 d2 39. Ne2 Bxe3 40. Kg2 Rc1 41. Nxc1 dxc1=Q 0-1


[Site "https://www.chess.com"]

[Event "Titled Tuesday Blitz August 08 Early 2023"]
[White "Djordjevic, Vuk"]
[Black "arenal72"]
[WhiteFideId "902098"]
[WhiteElo "2723"]
[BlackElo "2465"]
[Result "1-0"]
[Round "3"]
[TimeControl "180+1"]
[Date "2023.08.08"]
[WhiteClock "0:00:04"]
[BlackClock "0:00:19"]
[Board "110"]

1. d4 c5 2. d5 Nf6 3. c4 g6 4. Nc3 Bg7 5. e4 d6 6. Bd3 e6 7. Nge2 Nbd7 8. Bf4 e5 9. Be3 a6 10. f3 Rb8 11. h4 Qa5 12. Bd2 Qd8 13. g4 h5 14. Ng3 Nf8 15. Be2 Bd7 16. g5 Ng8 17. f4 exf4 18. Bxf4 Be5 19. Bxe5 dxe5 20. Qd2 Ne7 21. d6 Nc6 22. Nd5 Ne6 23. Nf6+ Kf8 24. Qd5 b6 25. O-O Nf4 26. Rxf4 exf4 27. Rf1 Nb4 28. Qe5 Nc6 29. Nxd7+ Kg8 30. Nf6+ Kf8 31. Qxf4 Rb7 32. e5 Nd4 33. Bf3 Ra7 34. Bd5 Kg7 35. Kg2 Rf8 36. Nfxh5+ gxh5 37. Nxh5+ Kg8 38. Nf6+ Kg7 39. h5 b5 40. h6+ Kh8 41. Qe4 Qxf6 42. gxf6 Rg8+ 43. Kh3 Rg6 44. Qxg6 fxg6 45. f7 1-0


[Site "https://www.chess.com"]

[Event "Titled Tuesday Blitz August 08 Early 2023"]
[White "Jaferian, Koosha"]
[Black "Baches Garcia, Guillermo"]
[WhiteFideId "12507440"]
[BlackFideId "2209764"]
[WhiteElo "2714"]
[BlackElo "2465"]
[Result "1-0"]
[Round "3"]
[TimeControl "180+1"]
[Date "2023.08.08"]
[WhiteClock "0:00:50"]
[BlackClock "0:00:00"]
[Board "111"]

1. e4 c5 2. Nc3 d6 3. f4 Nc6 4. Nf3 g6 5. Bc4 Bg7 6. O-O e6 7. d4 cxd4 8. Nb5 Nge7 9. Bb3 O-O 10. Nbxd4 Nxd4 11. Nxd4 b5 12. c3 Bb7 13. Bc2 b4 14. Kh1 bxc3 15. bxc3 Rc8 16. Rb1 Ba6 17. Bd3 Bxd3 18. Qxd3 e5 19. Nb5 exf4 20. Bxf4 d5 21. e5 Qa5 22. Rfc1 Nf5 23. Rc2 Rfd8 24. Nd4 Nxd4 25. cxd4 Qa4 26. Rbc1 Rc4 27. Rxc4 dxc4 28. Qxc4 Rxd4 29. Qxa4 Rxa4 30. Rc8+ 1-0


[Site "https://www.chess.com"]

[Event "Titled Tuesday Blitz August 08 Early 2023"]
[White "slidingknight2775"]
[Black "Gubajdullin, Alexei"]
[BlackFideId "4141202"]
[WhiteElo "2464"]
[BlackElo "2689"]
[Result "0-1"]
[Round "3"]
[TimeControl "180+1"]
[Date "2023.08.08"]
[WhiteClock "0:00:09"]
[BlackClock "0:00:11"]
[Board "112"]

1. d4 Nf6 2. Nf3 g6 3. g3 Bg7 4. Bg2 O-O 5. O-O d6 6. a4 a5 7. c3 b6 8. Nfd2 Ra7 9. e4 e5 10. Na3 Bb7 11. Re1 Qe7 12. Qc2 Na6 13. Nb5 Raa8 14. h3 Rab8 15. b3 exd4 16. Nxd4 Nd7 17. Bb2 Rfe8 18. Kh2 h5 19. f4 h4 20. g4 c5 21. N4f3 Qf6 22. f5 d5 23. Kh1 gxf5 24. exf5 Nb4 25. Qb1 Ba6 26. g5 Rxe1+ 27. Qxe1 Qxf5 28. cxb4 Bxb2 29. Rb1 Bc3 30. b5 Bb7 31. Qxh4 d4 32. Rf1 Re8 33. Nc4 Re4 34. Qg3 Bd5 35. Kh2 d3 36. Nh4 Qe6 37. Bxe4 Bxc4 38. Bf5 Be5 39. Bxe6 Bxe6 40. Rf4 d2 41. Nf3 Bxf4 42. Qxf4 d1=Q 43. g6 Qc2+ 44. Kg3 Qxg6+ 45. Kf2 Nf6 46. Ng5 Kg7 47. Nxe6+ fxe6 48. Qc7+ Qf7 49. Qxb6 Nd5+ 50. Ke2 Nxb6 51. Kd3 Qf5+ 52. Kc3 Qe5+ 53. Kc2 Nd5 54. Kb1 Qc3 55. Ka2 Qc2+ 56. Ka3 Nb4 57. b6 Qa2# 0-1


[Site "https://www.chess.com"]

[Event "Titled Tuesday Blitz August 08 Early 2023"]
[White "Lima, Kleyton Alcantara"]
[Black "Skliarov, Viktor"]
[WhiteFideId "22718397"]
[BlackFideId "14106736"]
[WhiteElo "2461"]
[BlackElo "2682"]
[Result "0-1"]
[Round "3"]
[TimeControl "180+1"]
[Date "2023.08.08"]
[WhiteClock "0:00:57"]
[BlackClock "0:01:04"]
[Board "113"]

1. e4 c5 2. Nf3 Nc6 3. d4 cxd4 4. Nxd4 Nf6 5. Nc3 e5 6. Ndb5 d6 7. Bg5 a6 8. Na3 b5 9. Nab1 Be7 10. Bxf6 Bxf6 11. a4 b4 12. Nd5 O-O 13. Bc4 a5 14. O-O Be6 15. Qd3 Rc8 16. Ba6 Rb8 17. Bb5 Nd4 18. Nxf6+ Qxf6 19. Nd2 Rfc8 20. Rfc1 Rc5 21. c3 Nxb5 22. axb5 bxc3 23. Rxc3 Rcxb5 24. Qxd6 Rxb2 25. h3 Rd8 26. Qb6 Rxb6 0-1


[Site "https://www.chess.com"]

[Event "Titled Tuesday Blitz August 08 Early 2023"]
[White "Goh, Wei Ming Kevin"]
[Black "Mmukka"]
[WhiteFideId "5800706"]
[WhiteElo "2663"]
[BlackElo "2460"]
[Result "0-1"]
[Round "3"]
[TimeControl "180+1"]
[Date "2023.08.08"]
[WhiteClock "0:00:37"]
[BlackClock "0:00:13"]
[Board "114"]

1. e4 c5 2. Nf3 e6 3. d4 cxd4 4. Bg5 Qc7 5. c3 Nc6 6. cxd4 Qb6 7. Nc3 h6 8. Be3 Qxb2 9. Nb5 Bb4+ 10. Nd2 Ba5 11. Nd6+ Ke7 12. Nc4 Bxd2+ 13. Bxd2 Qxd4 14. e5 b5 15. Bb4+ Nxb4 16. Qb3 Qxa1+ 17. Kd2 Qxa2+ 18. Qxa2 Nxa2 19. Ne3 a6 20. Bd3 Nb4 21. Be4 Nc6 22. f4 Bb7 23. Rc1 Rb8 24. g3 f5 25. Bb1 Kd8 26. Nd1 Nge7 27. Nf2 Nd5 28. Nd3 Ke7 29. Nc5 Rhc8 30. Ba2 Ndb4 31. Bb3 a5 32. Bd1 a4 33. Rb1 Ba8 34. Be2 Nd4 35. Rxb4 Nxe2 36. Nd3 Rc4 37. Rb1 Nc3 38. Ra1 Ne4+ 39. Ke3 Bd5 40. Rb1 Rc3 41. Kd4 Rc4+ 42. Ke3 b4 43. Nb2 Rc3+ 44. Kd4 a3 45. Na4 Rc4+ 46. Ke3 b3 0-1


[Site "https://www.chess.com"]

[Event "Titled Tuesday Blitz August 08 Early 2023"]
[White "Sagita, Catur Adi"]
[Black "Mammadzada, Gunay"]
[WhiteFideId "7104618"]
[BlackFideId "13403729"]
[WhiteElo "2650"]
[BlackElo "2460"]
[Result "1/2-1/2"]
[Round "3"]
[TimeControl "180+1"]
[Date "2023.08.08"]
[WhiteClock "0:00:06"]
[BlackClock "0:00:05"]
[Board "115"]

1. e4 c5 2. Nf3 d6 3. d4 cxd4 4. Nxd4 e6 5. Nc3 a6 6. g4 b5 7. Bg2 Bb7 8. O-O Ne7 9. Be3 Ng6 10. f4 Nh4 11. Bh1 Be7 12. a3 O-O 13. Qd2 Nd7 14. Rae1 Nb6 15. Qf2 Nc4 16. Bc1 Rc8 17. g5 Qb6 18. Nce2 e5 19. Nf5 Nxf5 20. Qxb6 Nxb6 21. exf5 Bxh1 22. Kxh1 Rxc2 23. Nc3 f6 24. gxf6 gxf6 25. fxe5 dxe5 26. Bh6 Rf7 27. Re2 Rxe2 28. Nxe2 Bf8 29. Bc1 Rc7 30. Nc3 Bxa3 31. Rg1+ Kf7 32. bxa3 Rxc3 33. Bh6 Rxa3 34. Rg7+ Ke8 35. Rxh7 Nd5 36. Rb7 b4 37. Kg2 a5 38. h4 Ne7 39. Bg7 Kf7 40. Bh8 Kg8 41. Bxf6 Nxf5 42. h5 Rg3+ 43. Kf2 Rh3 44. Bxe5 Rxh5 45. Ra7 Nh4 46. Bg3 Rf5+ 47. Ke2 Ng6 48. Ra6 Nf8 49. Rb6 Kf7 50. Bc7 Ne6 51. Bd6 Rd5 52. Ke3 Ke8 53. Bg3 Kd7 54. Ke4 Rd1 55. Rb5 Rd2 56. Rxa5 b3 57. Rb5 b2 58. Be5 Kc6 59. Rb8 Nc5+ 60. Ke3 Rd5 61. Bxb2 Rd3+ 62. Ke2 Rb3 63. Rc8+ Kd7 64. Rxc5 Rxb2+ 65. Ke3 Rb3+ 66. Kd2 Rb6 67. Kd3 Rd6+ 68. Ke4 Rc6 69. Rh5 Kc7 70. Kd5 Kb6 71. Rh1 Rc5+ 72. Kd4 Rc6 73. Rb1+ Kc7 1/2-1/2


[Site "https://www.chess.com"]

[Event "Titled Tuesday Blitz August 08 Early 2023"]
[White "Reprintsev, Alexander"]
[Black "Ovchinnikov, Vsevolod"]
[WhiteFideId "14100541"]
[BlackFideId "24176842"]
[WhiteElo "2460"]
[BlackElo "2647"]
[Result "1-0"]
[Round "3"]
[TimeControl "180+1"]
[Date "2023.08.08"]
[WhiteClock "0:00:10"]
[BlackClock "0:00:12"]
[Board "116"]

1. e4 g6 2. d4 Bg7 3. Nc3 a6 4. h4 h5 5. Nf3 b5 6. Ng5 e6 7. a4 b4 8. Ne2 Nc6 9. Be3 d5 10. f3 Nge7 11. Qd2 e5 12. O-O-O f6 13. Nh3 dxe4 14. d5 exf3 15. gxf3 Nb8 16. Rg1 a5 17. Kb1 Kf7 18. f4 Nd7 19. Ng3 Ba6 20. Bxa6 Rxa6 21. Qd3 Rd6 22. f5 Rxd5 23. Qc4 c6 24. fxg6+ Ke8 25. Ne4 Qc7 26. Qa6 Rf8 27. Nhf2 Nc8 28. Ng3 f5 29. Nxh5 Rg8 30. Nxg7+ Rxg7 31. Bh6 Rg8 32. h5 Ne7 33. Bg5 Nc8 34. Be3 Nf8 35. Rxd5 cxd5 36. Nd3 d4 37. Qb5+ Nd7 38. Nf2 Nd6 39. Qd5 Rf8 40. g7 dxe3 41. gxf8=Q+ Kxf8 42. Nh3 Ke7 43. Rg7+ Kd8 44. Rg8+ Ne8 45. h6 e2 46. Qd2 Qc4 47. h7 b3 48. h8=Q bxc2+ 49. Kc1 e1=Q+ 50. Qxe1 Nf6 51. Rxe8+ Nxe8 52. Qhxe5 Nc7 53. Qe7+ Kc8 54. Nf2 Kb7 55. Q7e2 Qc5 56. Qf3+ Kb8 57. Qfc3 Qb6 58. Kxc2 Qd6 59. Qed2 Qg6 60. Qf4 Qb6 61. Nd3 Kb7 62. Ne5 Kc8 63. Nc4 Qc6 64. Kb1 Kb8 65. Nxa5 Qxc3 66. bxc3 Kc8 67. Qxf5+ Kd8 68. Nb7+ Ke7 69. Qe5+ Kd7 70. Qd6+ Kc8 71. Nc5 Kb8 72. Na6+ Kb7 73. Qxc7+ Kxa6 74. Qc6+ Ka7 75. Qb5 Ka8 76. c4 Ka7 77. c5 Ka8 78. c6 Ka7 79. Qb7# 1-0


[Site "https://www.chess.com"]

[Event "Titled Tuesday Blitz August 08 Early 2023"]
[White "Yaran, Siar"]
[Black "Rakhimgaliyev, Yerlan"]
[WhiteFideId "6323006"]
[BlackFideId "13705148"]
[WhiteElo "2646"]
[BlackElo "2456"]
[Result "1-0"]
[Round "3"]
[TimeControl "180+1"]
[Date "2023.08.08"]
[WhiteClock "0:01:31"]
[BlackClock "0:01:16"]
[Board "117"]

1. e4 e5 2. Nf3 d6 3. d4 exd4 4. Qxd4 Nf6 5. Nc3 Be7 6. b3 Nc6 7. Bb5 O-O 8. Bxc6 bxc6 9. Bb2 Bg4 10. O-O-O Nd7 11. h3 Bxf3 12. gxf3 Bf6 13. Qd2 Bg5 14. f4 Bh6 15. Kb1 Qh4 16. Ne2 Ne5 17. Qe3 Ng6 18. Bc1 f5 19. exf5 Rxf5 20. Qe6+ Rf7 21. f5 Nf4 22. Bxf4 Bxf4 23. Rd4 Qf6 24. Qxf6 Rxf6 25. Rxf4 Re8 26. Nd4 c5 27. Nb5 c6 28. Nxa7 d5 29. Ra4 Re2 30. Ra6 Rxf5 31. Rxc6 c4 32. bxc4 dxc4 33. Rxc4 Ra5 34. Nc6 Rb5+ 35. Nb4 Rxf2 36. Kb2 h5 37. a4 Ra5 38. Kb3 g5 39. Rd4 Kg7 40. Re1 Rf3+ 41. Rd3 Raf5 42. Ree3 Rf1 43. Rd7+ Kf6 44. Nd5+ Kg6 45. Re6+ 1-0


[Site "https://www.chess.com"]